AoeStats
← 虎!虎!虎!

African Clearing

510315895Analyzed
4v4 RM · 22h ago on Sep 30, 2026· 50m 19s· 8 players
Game mode
Random Map
Map size
Large (8 player)
Population
200
Speed
Normal
Resources
Standard
Victory
Conquest
Starting age
Dark Age
Ending age
Imperial Age
RankedLock teamsTeams togetherTeam positionsShared explorationLock speedFull tech treeHidden civsTurbo modeCheats
Victory
Defeat
🇳🇱 Persians · Netherlands
1550
+14
🇭🇺 Chinese · Hungary
1515
+16
🇳🇱 Mongols · Netherlands
1500
+16
🇩🇪 Inca · Germany
1471
+19
🇨🇳 Magyars · China
1524
-17
🇨🇳 Japanese · China
1522
-17
🇨🇳 Georgians · China
1508
-16
🇨🇳 Mapuche · China
1487
-15
Dani_AOE2
4:53 Loom
13:21 Feudal Age
13:26 Feudal Age
15:16 Town Watch
18:06 Castle Age
16:45 Fletching
16:49 Double-Bit Axe
21:47 Bodkin Arrow
27:15 Ballistics
31:12 Bow Saw
32:19 Bloodlines
32:09 Husbandry
33:40 Husbandry
35:30 Thumb Ring
39:58 Imperial Age
39:43 Wheelbarrow
39:05 Horse Collar
41:15 Bracer
40:44 Elite Mangudai
42:55 Chemistry
43:45 Light Cavalry
44:31 Scale Barding Armor
44:29 Padded Archer Armor
44:35 Scale Barding Armor
46:10 Parthian Tactics
46:11 Siege Engineers
49:49 Murder Holes
50:25 Masonry
50:49 Leather Archer Armor
50:54 Chain Barding Armor
50:45 Forging
Wolfie
4:01 Loom
12:44 Feudal Age
17:03 Castle Age
16:45 Double-Bit Axe
16:40 Horse Collar
21:28 Bow Saw
24:21 Town Watch
33:36 Wheelbarrow
35:08 Fletching
36:01 Fervor
36:21 Heavy Plow
37:54 Gold Mining
41:40 Imperial Age
40:09 Bloodlines
40:00 Husbandry
41:35 Hand Cart
41:39 Heavy Camel Rider
43:06 Scale Barding Armor
43:12 Forging
43:27 Bodkin Arrow
44:37 Chain Barding Armor
46:00 Plate Barding Armor
46:01 Iron Casting
48:22 Blast Furnace
46:56 Capped Ram
48:24 Cavalier
50:11 Two-Man Saw
48:54 Siege Ram
verszomj
3:10 Loom
12:54 Feudal Age
14:13 Double-Bit Axe
16:47 Castle Age
15:06 Horse Collar
18:09 Bow Saw
19:14 Gold Mining
24:36 Wheelbarrow
26:27 Gold Shaft Mining
26:39 Scale Barding Armor
27:14 Husbandry
27:55 Bloodlines
28:51 Chain Barding Armor
29:12 Fletching
30:20 Forging
32:58 Iron Casting
35:09 Imperial Age
34:08 Heavy Plow
35:01 Stone Mining
36:39 Plate Barding Armor
36:11 Town Watch
35:52 Cavalier
38:38 Blast Furnace
41:10 Bodkin Arrow
42:07 Bracer
42:30 Ballistics
46:00 Devotion
49:56 Light Cavalry
TruffleThor
9:39 Loom
11:38 Feudal Age
16:12 Fletching
19:03 Double-Bit Axe
26:49 Wheelbarrow
30:27 Castle Age
29:00 Town Watch
29:46 Horse Collar
31:03 Bodkin Arrow
32:23 Guard Tower
32:26 Champi Runner
33:08 Scale Mail Armor
34:07 Bow Saw
33:23 Champi Warrior
34:06 Squires
34:54 Padded Archer Armor
35:18 Chain Mail Armor
36:53 Hand Cart
37:12 Heavy Plow
40:17 Arson
44:29 Pikeman
箜声
14:37 Feudal Age
12:53 Loom
19:12 Castle Age
18:38 Town Watch
19:08 Forging
19:58 Double-Bit Axe
20:01 Horse Collar
35:19 Wheelbarrow
36:53 Fletching
ElitePlastic
9:01 Loom
11:25 Feudal Age
12:08 Town Watch
12:13 Double-Bit Axe
19:08 Fletching
28:33 Castle Age
36:30 Bodkin Arrow
虎!虎!虎!
10:08 Loom
13:09 Feudal Age
18:16 Castle Age
16:22 Double-Bit Axe
18:37 Horse Collar
19:52 Husbandry
20:08 Bow Saw
22:13 Horse Collar
26:06 Bloodlines
26:02 Scale Barding Armor
30:17 Wheelbarrow
29:47 Gold Mining
30:19 Fletching
33:47 Bodkin Arrow
33:52 Padded Archer Armor
33:53 Town Watch
35:37 Leather Archer Armor
37:01 Ballistics
42:48 Imperial Age
40:45 Hand Cart
42:24 Thumb Ring
43:38 Gold Shaft Mining
42:54 Stone Mining
43:39 Bracer
44:30 Parthian Tactics
44:14 Recurve Bow
46:05 Chemistry
45:29 Elite Skirmisher
46:43 Ring Archer Armor
45:57 Elite Skirmisher
49:02 Murder Holes
49:18 Masonry
neutron_star
14:08 Feudal Age
19:11 Castle Age
16:58 Loom
18:20 Double-Bit Axe
20:23 Fishing Lines
20:28 Horse Collar
20:58 Bow Saw
25:47 Scale Barding Armor
26:45 Gillnets
28:08 Chain Barding Armor
28:07 Bloodlines
29:21 Forging
30:21 Wheelbarrow
30:24 Gold Mining
30:35 Heavy Plow
31:39 Iron Casting
31:46 Husbandry
33:01 Stone Mining
33:45 Hand Cart
37:44 Imperial Age
37:58 Stone Shaft Mining
39:02 Plate Barding Armor
39:27 Blast Furnace
38:50 Conscription
38:54 Aznauri Cavalry
38:51 Light Cavalry
39:49 Hussar
41:45 Elite Monaspa
48:34 Town Watch
Connection lost

Rejoining the realm…

Still unreachable

The connection could not be restored.

Session expired

The server has moved on; the page needs a fresh start.